AoeStats
← BudgetBench6953

Arena

510284458Analyzed
1v1 RM · 1d ago on Sep 30, 2026· 27m 47s· 2 players
Game mode
Random Map
Map size
Tiny (2 player)
Population
200
Speed
Normal
Resources
Standard
Victory
Conquest
Starting age
Dark Age
Ending age
Imperial Age
RankedLock teamsTeams togetherTeam positionsShared explorationLock speedFull tech treeHidden civsTurbo modeCheats
Victory
Defeat
🇺🇸 Bulgarians · United States
905
+13
🇦🇺 Mapuche · Australia
848
-13
majesticdoorknob
5:10 Loom
11:51 Feudal Age
13:13 Wheelbarrow
12:24 Town Watch
12:29 Double-Bit Axe
12:49 Horse Collar
16:03 Champi Runner
16:30 Arson
27:00 Castle Age
BudgetBench6953
12:05 Feudal Age
10:21 Loom
17:16 Castle Age
19:38 Scale Barding Armor
25:55 Fletching
Connection lost

Rejoining the realm…

Still unreachable

The connection could not be restored.

Session expired

The server has moved on; the page needs a fresh start.